Map: Heavy Artillery LE

Players

Doggiefruit

  • Race: Terran Terran
  • Spawn Location: 7:00

Entedieente

  • Race: Protoss Protoss
  • League: Diamond
  • Spawn Location: 7:00

qqq - Winner!

  • Race: Zerg Zerg
  • Spawn Location: 3:00

Massa - Winner!

  • Race: Terran Terran
  • League: Platinum
  • Spawn Location: 1:00

VOD

Have the link to the VOD?

Description

Time

  • Played on: March 15, 2021, 12:20 p.m.
  • Length: 5:35
Show
View Real Time Build Order
Export as new Build Order

Doggiefruit Terran 

Build Orders:  

Get SALT Encoding   

  12  0:02  SCV  
  13  0:14  SCV  
  14  0:27  SCV, Supply Depot  
  15  0:36  Refinery  
  15  0:49  SCV  
  16  0:50  Barracks  
  16  1:01  SCV  
  17  1:13  SCV  
  18  1:25  SCV  
  19  1:37  Marine  
  20  1:41  Orbital Command  
  20  1:50  Command Center  
  20  2:02  Barracks Reactor  
  20  2:07  Factory  
  20  2:08  SCV  
  21  2:16  Supply Depot  
  21  2:21  Refinery  
  21  2:23  SCV  
  22  2:35  SCV  
  23  2:38  Marine x2  
  25  2:48  SCV  
  25  2:50  Supply Depot  
  26  2:55  Marine  
  26  2:56  Marine  
  28  3:01  Starport, SCV  
  30  3:11  Orbital Command  
  29  3:17  Marine x2  
  31  3:25  SCV, Barracks  
  32  3:29  Factory Tech Lab  
  32  3:35  Marine x2  
  32  3:37  SCV  
  35  3:44  Engineering Bay  
  35  3:45  SCV  
  36  3:54  Medivac  
  38  3:56  Marine x2  
  40  4:03  Siege Tank  
  40  4:05  SCV x2  
  45  4:10  Supply Depot  
  45  4:14  Barracks Tech Lab  
  45  4:29  Supply Depot  
  45  4:33  Barracks  
  45  4:35  Medivac  
  47  4:44  SCV x2  
  49  4:45  Marine  
  49  4:46  Marine  
  51  4:56  Refinery, SCV x2  
  53  5:08  SCV  
  51  5:25  Supply Depot  
Show
View Real Time Build Order
Export as new Build Order

Entedieente Protoss 

Build Orders: Phoenix Opening 

Get SALT Encoding   

  12  0:00  Probe  
  13  0:12  Probe  
  14  0:24  Probe  
  14  0:25  Pylon  
  15  0:43  Probe (Chrono Boost), Gateway  
  16  0:53  Assimilator  
  16  0:54  Probe (Chrono Boost)  
  17  0:59  Probe (Chrono Boost)  
  18  1:10  Probe  
  19  1:22  Probe  
  20  1:34  Probe  
  21  1:45  Nexus  
  21  1:46  Probe  
  22  1:53  Cybernetics Core  
  21  2:02  Assimilator  
  21  2:04  Probe  
  22  2:12  Pylon  
  22  2:16  Probe  
  23  2:30  Probe  
  24  2:37  Stargate  
  24  2:42  Probe  
  25  2:53  Assimilator  
  25  2:54  Probe (Chrono Boost)  
  26  2:59  Probe (Chrono Boost)  
  26  3:02  Protoss Air Weapons Level 1  
  28  3:06  Probe (Chrono Boost)  
  28  3:09  Probe (Chrono Boost)  
  28  3:11  Probe (Chrono Boost)  
  30  3:13  Probe (Chrono Boost)  
  30  3:18  Stargate  
  31  3:20  Probe  
  31  3:25  Probe  
  31  3:26  Pylon  
  33  3:31  Phoenix  
  33  3:33  Probe  
  36  3:37  Probe  
  37  3:43  Assimilator  
  37  3:45  Probe  
  38  3:49  Probe  
  38  3:51  Pylon  
  39  3:57  Probe  
  39  3:59  Phoenix  
  39  4:01  Probe  
  43  4:09  Probe  
  44  4:10  Phoenix  
  44  4:13  Probe  
  47  4:21  Probe  
  48  4:24  Nexus  
  48  4:28  Probe  
  49  4:33  Probe  
  49  4:35  Phoenix  
  52  4:43  Probe  
  52  4:45  Probe  
  54  4:51  Phoenix  
  56  4:55  Probe  
  56  4:57  Stargate  
  57  5:00  Phoenix  
Show
View Real Time Build Order
Export as new Build Order

qqq Zerg - Winner!

Build Orders: Hatch First 

Get SALT Encoding   

  12  0:02  Drone  
  13  0:09  Drone  
  14  0:29  Overlord  
  14  0:45  Hatchery  
  13  0:53  Drone  
  13  0:54  Drone  
  13  0:57  Drone  
  16  1:16  Drone x2  
  18  1:20  Extractor  
  18  1:25  Spawning Pool  
  16  1:31  Drone  
  17  1:45  Drone  
  17  1:47  Drone  
  18  2:01  Drone  
  18  2:02  Drone  
  20  2:12  Queen x2  
  24  2:17  Drone x2  
  26  2:22  Metabolic Boost  
  26  2:26  Overlord  
  26  2:30  Drone  
  26  2:32  Drone  
  28  2:38  Overlord  
  28  2:53  Drone x2  
  28  2:55  Zergling x4  
  32  3:03  Zergling x4  
  34  3:14  Zergling x4, Evolution Chamber  
  35  3:24  Drone  
  35  3:25  Hatchery, Zergling x2  
  35  3:26  Zergling x2  
  37  3:28  Zergling x2  
  38  3:34  Zergling x2  
  38  3:35  Zergling x2  
  38  3:38  Drone  
  38  3:40  Zergling x2  
  42  3:50  Drone, Zergling x2  
  42  3:53  Overlord  
  44  3:59  Overlord  
  44  4:09  Overlord  
  44  4:16  Lair  
  44  4:17  Zergling x2  
  45  4:22  Zergling x4  
  45  4:23  Drone, Zergling x2  
  49  4:26  Zergling x2  
  50  4:33  Zergling x2, Overlord  
  50  4:38  Zergling x2  
  52  4:39  Zergling x2  
  52  4:42  Zergling x2  
  54  4:48  Zergling x2  
  54  4:51  Zergling x2  
  57  4:52  Zergling x2  
  57  4:58  Queen  
  57  4:59  Zergling x2  
  60  5:14  Zergling x12  
  60  5:15  Zergling x2  
Show
View Real Time Build Order
Export as new Build Order

Massa Terran - Winner!

Build Orders: 2 Factory, Gas First Reaper Expand 

Get SALT Encoding   

  12  0:00  SCV  
  13  0:12  SCV  
  14  0:18  Supply Depot  
  14  0:24  SCV  
  15  0:32  Refinery  
  15  0:42  Barracks  
  15  0:48  SCV  
  16  1:00  SCV  
  17  1:13  SCV  
  18  1:26  SCV  
  19  1:33  Reaper  
  19  1:38  Orbital Command  
  20  1:48  Command Center  
  20  1:54  Refinery  
  20  2:03  Supply Depot  
  20  2:06  SCV  
  21  2:21  Factory  
  21  2:31  Factory  
  21  2:33  Barracks Tech Lab  
  21  2:35  SCV  
  22  2:47  SCV  
  23  2:59  SCV  
  23  3:00  Orbital Command  
  24  3:11  SCV  
  25  3:17  Factory Tech Lab  
  25  3:20  Barracks Tech Lab  
  25  3:26  Supply Depot  
  25  3:27  SCV  
  25  3:28  SCV  
  25  3:31  Refinery  
  27  3:36  Engineering Bay  
  27  3:37  Cyclone  
  27  3:40  SCV x2  
  32  3:44  Cyclone  
  35  3:52  SCV  
  35  3:55  SCV  
  37  4:04  SCV, Missile Turret  
  37  4:08  Missile Turret  
  37  4:09  SCV, Cyclone  
  42  4:17  Cyclone  
  45  4:24  SCV  
  45  4:25  SCV  
  47  4:37  SCV x2  
  49  4:42  Cyclone  
  52  4:48  Supply Depot  
  52  4:49  SCV x2  
Tags
 
Add a new tag
Caveats
  • Supply blocks, unpowered buildings, or Contaminate may cause inaccurate times.
  • Supply counts are checked every 10 seconds.